[Event "Titled Tuesday Blitz May 2 Late 2023"]
[White "Onslow, Alfie"]
[Black "Aldokhin, Ivan"]
[WhiteFideId "436976"]
[BlackFideId "24115720"]
[WhiteElo "2114"]
[BlackElo "2322"]
[Result "1-0"]
[Round "07"]
[TimeControl "180+2"]
[Date "2023.05.02"]
[WhiteClock "0:00:11"]
[BlackClock "0:00:02"]

1. e4 c5 2. Nc3 e6 3. Nf3 a6 4. g3 Qc7 5. Bg2 d6 6. O-O Nf6 7. Re1 Be7 8. a4 Nc6 9. d4 cxd4 10. Nxd4 O-O 11. Nxc6 bxc6 12. e5 dxe5 13. Qe2 Nd5 14. Qxe5 Qxe5 15. Rxe5 Bf6 16. Re4 Rb8 17. Rc4 Bd7 18. a5 Rfd8 19. Na4 Bc8 20. c3 e5 21. Nc5 Ne7 22. Bf3 Nf5 23. b4 Nd6 24. Rg4 Bxg4 25. Bxg4 e4 26. Bf4 Bxc3 27. Rd1 Bxb4 28. Nxa6 Rb5 29. Nxb4 Rxb4 30. Bxd6 Ra4 31. Rb1 h5 32. Bc7 Ra8 33. Bd7 R8xa5 34. Bxa5 Rxa5 35. Bxc6 Re5 36. Re1 f5 37. Kg2 Kf7 38. h4 Rc5 39. Bb7 Kf6 40. Rb1 Rc2 41. Kg1 Ke5 42. Rb5+ Kf6 43. Rb6+ Ke5 44. Rb5+ Kf6 45. Ba8 Rc1+ 46. Kg2 Rc2 47. Kf1 Rc1+ 48. Ke2 Rc2+ 49. Ke3 Rc3+ 50. Kd2 Rf3 51. Ke2 Ra3 52. Rb6+ Ke5 53. Bc6 Ra2+ 54. Kf1 Ra3 55. Rb5+ Kf6 56. Rd5 Ke6 57. Rd2 Rc3 58. Bd7+ Ke5 59. Be8 f4 60. gxf4+ Kxf4 61. Bxh5 e3 62. Rd4+ Ke5 63. fxe3 Rxe3 64. Rg4 Kf6 65. Kf2 Re5 66. Bg6 1-0


[Site "https://www.chess.com"]

[Event "Titled Tuesday Blitz May 2 Late 2023"]
[White "Tsotsonava, Elene"]
[Black "Koellner, Ruben Gideon"]
[WhiteFideId "13615939"]
[BlackFideId "12993093"]
[WhiteElo "1829"]
[BlackElo "2314"]
[Result "1-0"]
[Round "07"]
[TimeControl "180+2"]
[Date "2023.05.02"]
[WhiteClock "0:01:27"]
[BlackClock "0:00:12"]

1. d4 d6 2. e4 Nf6 3. Nc3 e5 4. Nf3 Nbd7 5. Bc4 Be7 6. O-O c6 7. a4 h6 8. Re1 Qc7 9. h3 Nf8 10. Be3 g5 11. dxe5 dxe5 12. Nd2 Ng6 13. Nf1 g4 14. hxg4 Bxg4 15. f3 Be6 16. Bxe6 fxe6 17. Qe2 h5 18. Qc4 Kf7 19. Ng3 h4 20. Nf5 Nh5 21. Nh6+ Kf6 22. Ng4+ Kf7 23. Rad1 Nhf4 24. Bxf4 Nxf4 25. Rd7 Qb6+ 26. Kh2 Ng6 27. Red1 Rad8 28. R1d6 Rxd7 29. Qxe6+ Kf8 30. Rxd7 Rg8 31. Nxe5 1-0


[Site "https://www.chess.com"]

[Event "Titled Tuesday Blitz May 2 Late 2023"]
[White "Baskakov, Egor"]
[Black "Domingo Nunez, Ruben"]
[WhiteFideId "24197866"]
[BlackFideId "22245570"]
[WhiteElo "2212"]
[BlackElo "2404"]
[Result "1-0"]
[Round "07"]
[TimeControl "180+2"]
[Date "2023.05.02"]
[WhiteClock "0:00:35"]
[BlackClock "0:00:03"]

1. e4 e5 2. Nc3 Nf6 3. g3 h5 4. h3 h4 5. g4 d5 6. exd5 Nxd5 7. Bg2 Nf4 8. Bf3 Nc6 9. d3 Nd4 10. Bxf4 exf4 11. Be4 Bb4 12. Nf3 O-O 13. O-O c6 14. Nxd4 Qxd4 15. Ne2 Qf6 16. c3 Bd6 17. Nd4 Be5 18. Nf3 Bc7 19. d4 Re8 20. Qd3 g6 21. Rfe1 Bd7 22. Re2 Kg7 23. Rae1 Rad8 24. Qd2 Be6 25. Bc2 Bd7 26. Ne5 Bc8 27. Nf3 Bd7 28. Kg2 Rxe2 29. Rxe2 Be6 30. Bb3 Re8 31. Qd3 Qd8 32. Bxe6 Rxe6 33. Rxe6 fxe6 34. Qe4 Qd5 35. Qxd5 cxd5 36. Nxh4 g5 37. Nf3 Kf6 38. h4 gxh4 39. Nxh4 Kg5 40. Kh3 Kf6 41. Nf3 b6 42. Kh4 Kg6 43. g5 Kf5 44. Kh5 Bd6 45. Nd2 Bf8 46. f3 Bg7 47. Nf1 Bf8 48. Nh2 Bg7 49. Ng4 e5 50. Nxe5 1-0


[Site "https://www.chess.com"]

[Event "Titled Tuesday Blitz May 2 Late 2023"]
[White "Melikyan, Gnel"]
[Black "Kuznetsov, Felix"]
[WhiteFideId "54109990"]
[BlackFideId "34147990"]
[WhiteElo "2138"]
[BlackElo "2265"]
[Result "0-1"]
[Round "07"]
[TimeControl "180+2"]
[Date "2023.05.02"]
[WhiteClock "0:00:02"]
[BlackClock "0:00:03"]

1. Nf3 Nf6 2. g3 e6 3. Bg2 b6 4. O-O Bb7 5. c4 Be7 6. Nc3 O-O 7. b3 c5 8. Bb2 d6 9. d4 cxd4 10. Qxd4 a6 11. Rad1 Qc7 12. e4 Nbd7 13. Rfe1 Rfd8 14. Na4 Rac8 15. e5 Bxf3 16. exd6 Bxd6 17. Bxf3 Bb4 18. Bc3 Nc5 19. Bxb4 Rxd4 20. Rxd4 Nxa4 21. bxa4 Rd8 22. Rxd8+ Qxd8 23. Rd1 Qc8 24. Bb7 Qc7 25. Bxa6 h5 26. Bb5 h4 27. Bd6 Qb7 28. gxh4 Qf3 29. Re1 Ne4 30. Bg3 Nc5 31. Re3 Qd1+ 32. Kg2 Nd3 33. h3 f5 34. c5 Nxc5 35. Bc4 f4 36. Bxf4 Qd4 37. Bxe6+ Nxe6 38. Rxe6 Qxf4 39. Rxb6 Qxa4 40. Rb3 Qxa2 41. Rg3 Qd5+ 42. Kg1 Kh7 43. Rg4 Kh6 44. Rg3 g6 45. Rg4 Kg7 46. Kh2 Kf6 47. Kg1 Qf3 48. Rg3 Qd1+ 49. Kg2 Qb1 50. Rf3+ Ke5 51. Re3+ Kd4 52. Rg3 Qe4+ 53. Kg1 Qe1+ 54. Kg2 Qb1 55. Rg4+ Kd3 56. Rxg6 Qb7+ 57. Kg1 Qf7 58. Rg3+ Kd2 59. Kg2 Qf5 60. Kg1 Qd5 61. Re3 Qh5 62. Rg3 Qxh4 63. Re3 Qf4 64. Rg3 Qf5 65. Re3 Qb1+ 66. Kg2 Qa1 67. Rg3 Qa8+ 68. Kg1 Ke2 69. Re3+ Kd1 70. Rg3 Kd2 71. Re3 Qd5 72. Rg3 Qh5 73. Kg2 Qd5+ 74. Kg1 Qd6 75. Re3 Qf4 76. Rg3 Qf5 77. Rg4 Ke2 78. Rg2 Qb1+ 79. Kh2 Kf3 80. Rg7 Qb8+ 81. Kg1 Qb1+ 82. Kh2 Kxf2 83. Rf7+ Ke3 84. Rg7 Qc2+ 85. Rg2 Qc7+ 86. Kg1 Kf3 87. Rf2+ Kg3 88. Rg2+ Kxh3 89. Re2 Kg3 90. Re3+ Kf4 91. Re2 Qc3 92. Rf2+ Ke3 93. Rg2 Qe1+ 94. Kh2 Kf3 95. Ra2 Qh4+ 96. Kg1 Qg5+ 97. Kh1 Qh6+ 98. Kg1 Qg6+ 99. Kh1 Qb1+ 0-1


[Site "https://www.chess.com"]

[Event "Titled Tuesday Blitz May 2 Late 2023"]
[White "Ballester Llagaria, Luis Eduardo"]
[Black "Santos Ruiz, Miguel"]
[WhiteFideId "2297620"]
[BlackFideId "22291482"]
[WhiteElo "2344"]
[BlackElo "2504"]
[Result "0-1"]
[Round "07"]
[TimeControl "180+2"]
[Date "2023.05.02"]
[WhiteClock "0:00:24"]
[BlackClock "0:00:44"]

1. e4 c5 2. Nc3 d6 3. d4 cxd4 4. Qxd4 Nf6 5. Nf3 Nc6 6. Bb5 Bd7 7. Bxc6 Bxc6 8. Bg5 e6 9. O-O-O Be7 10. e5 dxe5 11. Qxe5 Qb6 12. Nd4 O-O 13. Nf5 exf5 14. Qxe7 Rfe8 15. Qd6 Ng4 16. Rhf1 h6 17. Be7 Bxg2 18. Rg1 Qxf2 19. Kb1 Ne3 20. Rc1 f4 21. Nb5 Nf5 22. Qc5 Qxc5 23. Bxc5 Re5 0-1


[Site "https://www.chess.com"]

[Event "Titled Tuesday Blitz May 2 Late 2023"]
[White "Aggelis, Nikolaos"]
[Black "Samsonkin, Artiom"]
[WhiteFideId "4213220"]
[BlackFideId "13503111"]
[WhiteElo "2189"]
[BlackElo "2524"]
[Result "0-1"]
[Round "07"]
[TimeControl "180+2"]
[Date "2023.05.02"]
[WhiteClock "0:01:05"]
[BlackClock "0:01:32"]

1. c4 e5 2. Nc3 Nf6 3. g3 c6 4. Bg2 d5 5. Nf3 d4 6. Nb1 e4 7. Ng5 Bf5 8. d3 Bb4+ 9. Bd2 Bxd2+ 10. Qxd2 exd3 11. exd3 Qe7+ 12. Kd1 O-O 13. Re1 Qc7 14. Qf4 Qxf4 15. gxf4 Bxd3 16. Nd2 Na6 17. Re7 Rab8 18. a3 Rfe8 19. Rxe8+ Rxe8 20. b4 Nc7 21. Ngf3 Ne6 22. Bf1 Bxf1 23. Nxf1 Nxf4 24. Ra2 d3 25. Ne3 Ne4 26. Nd4 Nc3+ 0-1


[Site "https://www.chess.com"]

[Event "Titled Tuesday Blitz May 2 Late 2023"]
[White "Tristan, Leonardo"]
[Black "Kavutskiy, Konstantin"]
[WhiteFideId "113816"]
[BlackFideId "2026384"]
[WhiteElo "2461"]
[BlackElo "2323"]
[Result "1-0"]
[Round "07"]
[TimeControl "180+2"]
[Date "2023.05.02"]
[WhiteClock "0:00:20"]
[BlackClock "0:00:03"]

1. d4 Nf6 2. Nf3 g6 3. Bf4 Bg7 4. e3 O-O 5. Be2 d6 6. O-O Nc6 7. c3 Nd7 8. e4 e5 9. Bg5 Qe8 10. Re1 h6 11. Bh4 Nd8 12. Nbd2 Ne6 13. dxe5 dxe5 14. Nc4 g5 15. Bg3 Nf4 16. Bxf4 exf4 17. e5 Nc5 18. Nd4 Be6 19. Nxe6 Qxe6 20. b4 Nd7 21. Na5 Nxe5 22. Nxb7 Qb6 23. Nc5 a5 24. a3 axb4 25. axb4 Rfd8 26. Rxa8 Rxa8 27. Bf3 Re8 28. Bd5 c6 29. Bb3 Rd8 30. Qh5 Qa7 31. h4 Qe7 32. hxg5 Qxg5 33. Qh3 f3 34. Ne4 Qg6 35. Ng3 fxg2 36. Nf5 Kh8 37. Re3 Ng4 38. Rf3 Rd2 39. Bxf7 Qxf7 40. Qxg4 Rd1+ 41. Kxg2 Rd2 42. Nxh6 1-0


[Site "https://www.chess.com"]

[Event "Titled Tuesday Blitz May 2 Late 2023"]
[White "Averjanov, Alexey"]
[Black "Karas, Marek"]
[WhiteFideId "14109867"]
[BlackFideId "14928558"]
[WhiteElo "2399"]
[BlackElo "2233"]
[Result "1-0"]
[Round "07"]
[TimeControl "180+2"]
[Date "2023.05.02"]
[WhiteClock "0:01:57"]
[BlackClock "0:01:22"]

1. d4 Nf6 2. c4 c5 3. Nf3 cxd4 4. Nxd4 g6 5. Nc3 Bg7 6. g3 O-O 7. Bg2 Nc6 8. O-O d6 9. Nc2 Bd7 10. b3 Qc8 11. Bb2 Bh3 12. Rc1 Bxg2 13. Kxg2 Ne4 14. Ne3 Nxc3 15. Bxc3 Bxc3 16. Rxc3 Qe6 17. Nd5 Rac8 18. Qd2 Qe5 19. Re3 Qg5 20. f4 Qf5 21. Rxe7 Rfe8 22. e4 Qh5 23. Nf6+ 1-0


[Site "https://www.chess.com"]

[Event "Titled Tuesday Blitz May 2 Late 2023"]
[White "Khripachenko, Alexander"]
[Black "Adan Bermudez, Sergio"]
[WhiteFideId "54184975"]
[BlackFideId "2292726"]
[WhiteElo "2374"]
[BlackElo "2292"]
[Result "1/2-1/2"]
[Round "07"]
[TimeControl "180+2"]
[Date "2023.05.02"]
[WhiteClock "0:00:08"]
[BlackClock "0:00:15"]

1. e4 c5 2. Nf3 Nc6 3. Bb5 e5 4. O-O Bd6 5. c3 a6 6. Bc4 b5 7. Bb3 c4 8. Bc2 Nf6 9. b3 O-O 10. Re1 Bb7 11. a4 cxb3 12. Bxb3 Na5 13. Bc2 b4 14. cxb4 Bxb4 15. Nxe5 Re8 16. Bb2 d5 17. Ng4 Nxe4 18. Bxe4 dxe4 19. Ne3 Qg5 20. Bc3 Bxc3 21. Nxc3 Rad8 22. Rb1 Ba8 23. Rb6 f5 24. h4 Qf4 25. Rxa6 Qe5 26. Qh5 Nc6 27. Qxf5 Rxd2 28. Nb5 Qxf5 29. Nxf5 Rf8 30. Rxe4 Rxf5 31. Rxa8+ Kf7 32. Rc8 Rfxf2 33. Rc7+ Kf8 34. Rxc6 Rxg2+ 35. Kf1 Rh2 36. Rc8+ Kf7 37. Rf4+ Ke6 38. Kg1 Rhg2+ 39. Kf1 Rh2 40. Kg1 Rhg2+ 41. Kf1 Rh2 1/2-1/2


[Site "https://www.chess.com"]

[Event "Titled Tuesday Blitz May 2 Late 2023"]
[White "Stork, Oliver"]
[Black "Sun, Rick"]
[WhiteFideId "12955728"]
[BlackFideId "30909481"]
[WhiteElo "2239"]
[BlackElo "2169"]
[Result "1/2-1/2"]
[Round "07"]
[TimeControl "180+2"]
[Date "2023.05.02"]
[WhiteClock "0:00:21"]
[BlackClock "0:00:06"]

1. b3 d6 2. Bb2 Nc6 3. e3 Nf6 4. Nf3 g6 5. c4 Bg7 6. Be2 O-O 7. O-O e5 8. d4 e4 9. Nfd2 Re8 10. Nc3 Bf5 11. Re1 h5 12. Nf1 h4 13. h3 Qd7 14. f4 exf3 15. Bxf3 Ne4 16. Nxe4 Bxe4 17. Nd2 Bxf3 18. Nxf3 Re4 19. Qd3 Rae8 20. Nd2 R4e7 21. Re2 d5 22. Rae1 Nb4 23. Qb1 c6 24. a3 Na6 25. Nf3 Re4 26. Nd2 R4e7 27. Qd3 Nc7 28. e4 Ne6 29. cxd5 cxd5 30. exd5 Qxd5 31. Qf3 Rd7 32. Qxd5 Rxd5 33. Nf3 g5 34. Ne5 Red8 35. Nxf7 Kxf7 36. Rxe6 R8d7 37. R6e4 Bxd4+ 38. Bxd4 Rxd4 39. Rf1+ Kg7 40. Rxd4 Rxd4 41. Rf3 Kg6 42. Kf2 1/2-1/2


[Site "https://www.chess.com"]

[Event "Titled Tuesday Blitz May 2 Late 2023"]
[White "Pourkashiyan, Atousa"]
[Black "Skvortsov, Andrei"]
[WhiteFideId "12502014"]
[BlackFideId "24108600"]
[WhiteElo "2228"]
[BlackElo "2259"]
[Result "0-1"]
[Round "07"]
[TimeControl "180+2"]
[Date "2023.05.02"]
[WhiteClock "0:00:02"]
[BlackClock "0:00:21"]

1. e4 d5 2. exd5 Qxd5 3. Nc3 Qe5+ 4. Be2 Bg4 5. d4 Bxe2 6. Ngxe2 Qa5 7. O-O Nf6 8. Bd2 Nc6 9. Ne4 Qd5 10. Nxf6+ gxf6 11. c3 O-O-O 12. Qb3 Rg8 13. Qxd5 Rxd5 14. Nf4 Rf5 15. Rad1 e5 16. dxe5 fxe5 17. Nd5 Bd6 18. Be3 b6 19. g3 e4 20. Kh1 Ne5 21. Bf4 Nd3 22. Bxd6 Rxd5 23. Ba3 Nxf2+ 24. Rxf2 Rxd1+ 25. Kg2 e3 26. Re2 Re8 27. b3 c5 28. c4 a5 29. Kf3 Rf1+ 30. Kg2 Rf6 31. Bc1 Rf2+ 32. Rxf2 exf2 33. Kxf2 Kd7 34. Bf4 a4 35. Bc1 Kc6 36. Be3 Ra8 37. Ke2 axb3 38. axb3 Ra3 39. Bd2 Rxb3 40. Kd1 Rb1+ 41. Kc2 Rg1 42. Kd3 Rh1 43. h4 b5 44. cxb5+ Kxb5 45. Kc3 Rf1 46. Bf4 Rf3+ 47. Kc2 Kc4 48. Kd2 Rd3+ 49. Kc2 Ra3 50. h5 Ra2+ 51. Kb1 Rf2 52. h6 Kc3 53. Bg5 c4 54. Be3 Re2 55. Bg5 Kb3 56. Kc1 c3 57. Kd1 Re5 58. Bf6 Re6 59. Bg7 c2+ 60. Kd2 Rd6+ 0-1


[Site "https://www.chess.com"]

[Event "Titled Tuesday Blitz May 2 Late 2023"]
[White "Papayan, Oleg"]
[Black "Guerra Tulcan, Lenin"]
[WhiteFideId "4193911"]
[BlackFideId "3601382"]
[WhiteElo "2153"]
[BlackElo "2368"]
[Result "1/2-1/2"]
[Round "07"]
[TimeControl "180+2"]
[Date "2023.05.02"]
[WhiteClock "0:00:05"]
[BlackClock "0:00:13"]

1. e4 c5 2. d4 cxd4 3. Qxd4 Nc6 4. Qd3 Nf6 5. Nc3 d6 6. Nf3 g6 7. Be2 Bg7 8. O-O O-O 9. Nd5 Nxd5 10. exd5 Bf5 11. Qd1 Nb4 12. c3 Na6 13. Nd4 Bd7 14. Re1 Nc5 15. Bg5 h6 16. Bh4 Re8 17. a4 Ne4 18. Bb5 Nf6 19. Bxd7 Qxd7 20. c4 Rac8 21. b3 Qg4 22. Qxg4 Nxg4 23. Rad1 Nf6 24. Re2 Kf8 25. f3 Nd7 26. Bf2 Nc5 27. Re3 a6 28. a5 Rb8 29. b4 Nd7 30. Kf1 Rec8 31. Rc3 Rc7 32. Rc2 Rbc8 33. Rdc1 Ne5 34. c5 Nd3 35. cxd6 Rxc2 36. Rxc2 Rd8 37. dxe7+ Kxe7 38. Rd2 Nxf2 39. Kxf2 Kd6 40. Nb3 Rc8 41. Nc5 Bc3 42. Ne4+ Kd7 43. Nxc3 Rxc3 44. Rd4 Kd6 45. Kg3 f5 46. h4 g5 47. hxg5 hxg5 48. Kf2 Rc2+ 49. Kg3 f4+ 50. Kh3 Rb2 51. Kh2 g4 52. fxg4 f3 53. Kg3 fxg2 54. Kh2 Re2 55. g5 Re5 56. Kxg2 Rxg5+ 57. Kf3 Rxd5 58. Ke4 Rxd4+ 59. Kxd4 Kc6 60. Kc4 Kd6 61. Kd4 Kc6 62. Kc4 b5+ 63. axb6 Kxb6 64. Kc3 Kb5 65. Kb3 a5 66. bxa5 Kxa5 1/2-1/2


[Site "https://www.chess.com"]

[Event "Titled Tuesday Blitz May 2 Late 2023"]
[White "Toktomushev, Teimur"]
[Black "Antonica, Dragos-Andrei"]
[WhiteFideId "14176726"]
[BlackFideId "1246372"]
[WhiteElo "2116"]
[BlackElo "2285"]
[Result "0-1"]
[Round "07"]
[TimeControl "180+2"]
[Date "2023.05.02"]
[WhiteClock "0:00:05"]
[BlackClock "0:01:00"]

1. d4 Nf6 2. c4 e6 3. Nf3 b6 4. g3 Ba6 5. b3 d5 6. Bg2 dxc4 7. Ne5 Bb4+ 8. Bd2 cxb3 9. axb3 Qxd4 10. Bxb4 Qxb4+ 11. Kf1 Nd5 12. Bxd5 exd5 13. Qxd5 O-O 14. Qxa8 Qd4 15. Rxa6 Nxa6 16. Qxa7 Qxe5 17. Nd2 Qd5 18. Nf3 Ra8 0-1


[Site "https://www.chess.com"]

[Event "Titled Tuesday Blitz May 2 Late 2023"]
[White "Baskin, Robert"]
[Black "Lopez Del Alamo, Antonio"]
[WhiteFideId "24662402"]
[BlackFideId "2227339"]
[WhiteElo "2472"]
[BlackElo "2175"]
[Result "1-0"]
[Round "07"]
[TimeControl "180+2"]
[Date "2023.05.02"]
[WhiteClock "0:00:09"]
[BlackClock "0:00:06"]

1. d4 Nf6 2. c4 g6 3. g3 Bg7 4. Bg2 O-O 5. Nc3 d6 6. Nf3 c6 7. O-O Qa5 8. e4 e5 9. h3 exd4 10. Nxd4 Nbd7 11. Bf4 Ne5 12. Nb3 Qc7 13. Qe2 Be6 14. c5 Bc4 15. cxd6 Bxe2 16. dxc7 Bxf1 17. Bxf1 Nh5 18. Be3 b6 19. Ba6 Rac8 20. f4 Rxc7 21. fxe5 Bxe5 22. g4 Nf4 23. Bf1 Rd8 24. Nd2 Bxc3 25. bxc3 Ne6 26. Nf3 Rcd7 27. Be2 f6 28. Bc4 Kf7 29. Rf1 Ke7 30. g5 Rd1 31. gxf6+ Kxf6 32. Nd4+ Rxf1+ 33. Kxf1 Ng5 34. e5+ Kxe5 35. Bxg5 b5 36. Nxc6+ 1-0


[Site "https://www.chess.com"]

[Event "Titled Tuesday Blitz May 2 Late 2023"]
[White "Olsson, William"]
[Black "Grigorov, Grigor"]
[WhiteFideId "1741721"]
[BlackFideId "2907313"]
[WhiteElo "2197"]
[BlackElo "2510"]
[Result "0-1"]
[Round "07"]
[TimeControl "180+2"]
[Date "2023.05.02"]
[WhiteClock "0:00:21"]
[BlackClock "0:00:47"]

1. c4 e5 2. g3 c6 3. Nf3 e4 4. Nd4 d5 5. cxd5 Qxd5 6. Nc2 Nf6 7. Bg2 Qh5 8. h3 Na6 9. Nc3 Qg6 10. O-O Be7 11. Rb1 O-O 12. b4 Nc7 13. b5 Ncd5 14. Ne3 Nxe3 15. dxe3 Bf5 16. Bb2 Rad8 17. Qa4 Bd6 18. bxc6 bxc6 19. Qxc6 Be5 20. g4 Bxg4 21. hxg4 Bh2+ 22. Kh1 Qh6 23. g5 Qh4 24. Rfd1 Bg3+ 25. Kg1 Bxf2+ 26. Kf1 Ng4 0-1


[Site "https://www.chess.com"]

[Event "Titled Tuesday Blitz May 2 Late 2023"]
[White "Nasir, Zehn"]
[Black "Bilan, Danila"]
[WhiteFideId "2613239"]
[BlackFideId "24161918"]
[WhiteElo "1993"]
[BlackElo "2182"]
[Result "1-0"]
[Round "07"]
[TimeControl "180+2"]
[Date "2023.05.02"]
[WhiteClock "0:01:13"]
[BlackClock "0:00:11"]

1. d4 d5 2. Bf4 Nf6 3. e3 c5 4. c3 Nc6 5. Nd2 Qb6 6. Qb3 c4 7. Qc2 Nh5 8. Bg3 Nxg3 9. hxg3 g6 10. e4 e6 11. Ne2 Bg7 12. Nf4 Qd8 13. Nf3 b5 14. a3 O-O 15. e5 a5 16. Nh2 f6 17. exf6 Qxf6 18. Ng4 Qf5 19. Nh6+ Bxh6 20. Qxf5 exf5 21. Rxh6 Be6 22. Kd2 Bf7 23. Be2 Kg7 24. Rah1 Rh8 25. g4 Ne7 26. Bf3 b4 27. axb4 axb4 28. cxb4 fxg4 29. Bxg4 Nc6 30. Kc3 Ra4 31. Bd7 Be8 32. Bxe8 Rxe8 33. Rxh7+ Kf6 34. Nxd5+ Kg5 35. f4+ Kf5 36. g4+ Ke4 37. Nf6+ Kxf4 38. Nxe8 Nxb4 39. Rf7+ Kxg4 40. Rg1+ 1-0


[Site "https://www.chess.com"]

[Event "Titled Tuesday Blitz May 2 Late 2023"]
[White "Adla, Diego"]
[Black "Colpe, Malte"]
[WhiteFideId "100072"]
[BlackFideId "24623075"]
[WhiteElo "2377"]
[BlackElo "2289"]
[Result "1-0"]
[Round "07"]
[TimeControl "180+2"]
[Date "2023.05.02"]
[WhiteClock "0:00:11"]
[BlackClock "0:00:04"]

1. c4 e5 2. Nc3 Bb4 3. Nf3 Bxc3 4. dxc3 d6 5. e4 Nf6 6. Bd3 Nbd7 7. b4 O-O 8. O-O Re8 9. Ne1 Nf8 10. Nc2 Ng6 11. a4 a5 12. Ne3 c6 13. Bc2 Qc7 14. h3 Be6 15. Rb1 Nf4 16. Re1 Rad8 17. Qf3 h6 18. Qg3 N6h5 19. Qf3 Nf6 20. Bd2 Nh7 21. h4 Qe7 22. g3 Ng6 23. Nf5 Qc7 24. Be3 Bxc4 25. bxa5 c5 26. h5 Ne7 27. Qg4 Nxf5 28. exf5 d5 29. Bxh6 f6 30. Rb6 Kh8 31. Bc1 d4 32. cxd4 cxd4 33. Ba3 Bd5 34. Bb3 Qc3 35. Rc1 Qd2 36. Bxd5 Rxd5 37. Rc7 Ng5 38. Bc1 Qe1+ 39. Kg2 e4 40. Bxg5 fxg5 41. Qxg5 Rg8 42. Rh6+ gxh6 43. Qxh6# 1-0


[Site "https://www.chess.com"]

[Event "Titled Tuesday Blitz May 2 Late 2023"]
[White "Adewumi, Tanitoluwa"]
[Black "Ciolacu, Alessia-Mihaela"]
[WhiteFideId "30966396"]
[BlackFideId "1252640"]
[WhiteElo "2283"]
[BlackElo "1913"]
[Result "1-0"]
[Round "07"]
[TimeControl "180+2"]
[Date "2023.05.02"]
[WhiteClock "0:00:21"]
[BlackClock "0:00:22"]

1. e4 c5 2. Nf3 d6 3. Bb5+ Nd7 4. c3 a6 5. Bd3 g6 6. Bc2 Bg7 7. d4 cxd4 8. cxd4 Ngf6 9. Nc3 O-O 10. O-O b5 11. e5 Ne8 12. Re1 Nb6 13. Bg5 dxe5 14. Nxe5 Bb7 15. Bb3 Nf6 16. Qd3 Nbd5 17. Rac1 h6 18. Bd2 Nxc3 19. bxc3 Bd5 20. c4 bxc4 21. Bxc4 Bxc4 22. Qxc4 Qd5 23. Nc6 Kh8 24. Nxe7 Qh5 25. d5 Ng4 26. h3 Ne5 27. Qe4 f5 28. Qe2 Qh4 29. Qxe5 Kh7 30. Qg3 Qd4 31. Qxg6+ Kh8 32. Bc3 1-0


[Site "https://www.chess.com"]

[Event "Titled Tuesday Blitz May 2 Late 2023"]
[White "Seletsky, Grigory"]
[Black "Marek, Matyas"]
[WhiteFideId "14112191"]
[BlackFideId "335398"]
[WhiteElo "2490"]
[BlackElo "2279"]
[Result "0-1"]
[Round "07"]
[TimeControl "180+2"]
[Date "2023.05.02"]
[WhiteClock "0:00:08"]
[BlackClock "0:00:39"]

1. e4 c5 2. Nc3 a6 3. f4 b5 4. Nf3 Bb7 5. d3 e6 6. g4 b4 7. Ne2 d5 8. Ng3 Nf6 9. e5 Nxg4 10. Ng5 Nh6 11. Qh5 g6 12. Qh3 Nc6 13. Bd2 Nd4 14. O-O-O Nhf5 15. Kb1 h6 16. Nxf5 Nxf5 17. Nf3 Be7 18. Rg1 a5 19. Be1 a4 20. Bf2 b3 21. cxb3 axb3 22. a3 Qa5 23. Nh4 Bxh4 24. Bxh4 Nxh4 25. Qxh4 Qd8 26. Qf2 Rc8 27. Rc1 Qe7 28. d4 c4 29. Rc3 Kd7 30. h4 Bc6 31. Kc1 Rcg8 32. Rh3 Rg7 33. Qd2 Rhg8 34. Qa5 Qd8 35. Qc5 Qc7 36. Rhg3 h5 37. Kd2 Rb8 38. Kc3 Rb5 39. Qf8 Qa5+ 0-1


[Site "https://www.chess.com"]

[Event "Titled Tuesday Blitz May 2 Late 2023"]
[White "Jovic, Stanoje"]
[Black "Przybylski, Wojciech"]
[WhiteFideId "905020"]
[BlackFideId "1117599"]
[WhiteElo "2236"]
[BlackElo "2222"]
[Result "0-1"]
[Round "07"]
[TimeControl "180+2"]
[Date "2023.05.02"]
[WhiteClock "0:00:19"]
[BlackClock "0:00:16"]

1. c4 Nf6 2. g3 h5 3. Nf3 b6 4. d4 Bb7 5. d5 e6 6. Nc3 Na6 7. e4 Bb4 8. Bd3 Nc5 9. Bg5 Bxc3+ 10. bxc3 d6 11. Bc2 e5 12. Nh4 Bc8 13. f4 Qe7 14. O-O Bg4 15. Ba4+ Kf8 16. Qc2 Kg8 17. Rae1 Nxa4 18. Qxa4 Qd7 19. Qc2 Nh7 20. Qd2 f6 21. Ng6 fxg5 22. Nxh8 Kxh8 23. fxg5 Nf8 24. Qf2 Kg8 25. Qc2 Ng6 26. h4 Rf8 27. Rxf8+ Nxf8 28. Rf1 Ng6 29. Rf2 Bh3 30. Qe2 Bg4 31. Qc2 Bh3 32. Qe2 Qg4 33. Qxg4 Bxg4 34. Kf1 a5 35. Ke1 Nf8 36. Kd2 Nd7 37. Ke3 Nf8 38. a3 Bd7 39. Rf1 Bc8 40. Rf2 Ba6 41. Kd3 Nd7 42. g6 Nf6 43. Rf5 Bc8 44. Rf2 Bd7 45. Ke3 Be8 46. c5 Ng4+ 47. Ke2 Nxf2 48. cxb6 cxb6 49. Kxf2 Bxg6 50. Ke3 Kf7 51. c4 Kf8 52. Kd3 Ke7 53. Ke3 Ke8 54. Kd3 Kd7 55. Ke3 Kd8 56. Kd3 Kc7 57. Ke3 Be8 58. Kd3 b5 59. Kc3 Kb6 60. Kb3 Kc5 61. cxb5 Bxb5 62. Kc3 Be2 63. Kd2 Bg4 64. Ke3 Kc4 0-1


[Site "https://www.chess.com"]

[Event "Titled Tuesday Blitz May 2 Late 2023"]
[White "Sai Han Thiha"]
[Black "Hnydiuk, Aleksander"]
[WhiteFideId "13012290"]
[BlackFideId "1109057"]
[WhiteElo "1954"]
[BlackElo "2374"]
[Result "0-1"]
[Round "07"]
[TimeControl "180+2"]
[Date "2023.05.02"]
[WhiteClock "0:02:08"]
[BlackClock "0:01:27"]

1. d4 Nf6 2. c4 c5 3. d5 b5 4. cxb5 a6 5. bxa6 g6 6. Nc3 Bg7 7. e4 O-O 8. a7 Rxa7 9. Bb5 Nxe4 10. Nxe4 Qa5+ 11. Nc3 Bxc3+ 12. bxc3 Qxb5 13. Bh6 Re8 14. Ne2 Ba6 15. a4 Qc4 16. h4 d6 17. h5 e6 18. dxe6 Rxe6 19. Be3 Rae7 20. Qd2 Nc6 21. hxg6 fxg6 22. Nf4 Qxf4 23. O-O-O Qxa4 24. Qd5 Bc4 25. Qf3 Ne5 26. Qh3 Qa1+ 27. Kc2 Qa2+ 28. Kc1 Bb3 0-1


[Site "https://www.chess.com"]

[Event "Titled Tuesday Blitz May 2 Late 2023"]
[White "Haydon, David L"]
[Black "Nunez V, Gustavo Eduardo"]
[WhiteFideId "415405"]
[BlackFideId "4403690"]
[WhiteElo "2326"]
[BlackElo "2228"]
[Result "1-0"]
[Round "07"]
[TimeControl "180+2"]
[Date "2023.05.02"]
[WhiteClock "0:00:58"]
[BlackClock "0:00:15"]

1. d4 Nf6 2. Nc3 d5 3. Bf4 e6 4. Nb5 Na6 5. e3 Bd7 6. a4 Be7 7. Nf3 O-O 8. Bd3 Ne4 9. h4 c5 10. c3 c4 11. Bc2 Bxb5 12. axb5 Nc7 13. Ng5 Nf6 14. e4 dxe4 15. Qe2 Nxb5 16. Qxc4 Nd6 17. Qe2 h6 18. Bxd6 Qxd6 19. Nxe4 Qb6 20. Ra2 Nd5 21. g3 f5 22. Nd2 Rae8 23. Nc4 Qc6 24. Ne5 Qc7 25. f4 a6 26. Kf2 Bf6 27. Re1 Bxe5 28. Qxe5 Qxe5 29. Rxe5 Nf6 30. Kf3 Ng4 31. Re2 Re7 32. Ra1 Kf7 33. Rae1 Kf6 34. Bb3 Rfe8 35. h5 Kf7 36. c4 Nf6 37. c5 Ne4 38. d5 exd5 39. Bxd5+ Kf6 40. Bxe4 fxe4+ 41. Rxe4 Rxe4 42. Rxe4 Rc8 43. b4 Rd8 44. g4 Rd3+ 45. Re3 Rd4 46. Rb3 Ke6 47. b5 a5 48. c6 bxc6 49. bxc6 Kd6 50. Rb6 Rc4 51. Ra6 Rc5 52. Ke4 Rc4+ 53. Kf5 Ra4 54. g5 hxg5 55. fxg5 Rh4 56. Kg6 Rg4 57. Rxa5 Kxc6 58. Kxg7 Kb6 59. Rf5 Kc6 60. h6 Kd6 61. h7 Ke6 62. Rf6+ Ke5 63. g6 Rh4 64. h8=Q Rxh8 65. Kxh8 Kxf6 66. g7 Kf5 67. g8=Q Ke4 68. Qe6+ Kd3 69. Kg7 Kc3 70. Kf6 Kb4 71. Ke5 Ka3 72. Qb6 Ka2 73. Kd4 Ka1 74. Kc3 Ka2 75. Qb2# 1-0


[Site "https://www.chess.com"]